 Dungeon Crawl Stone Soup version 0.27.0-1-g7a089689b8 (webtiles) character file.

Game seed: 11339208434966513053

46 HungrySpirit the Caller (level 3, -5/30 HPs)
             Began as a Demigod Summoner on Aug 1, 2021.
             Killed from afar by a white imp (11 damage)
             ... with a puff of frost
             ... summoned by Natasha
             ... on level 2 of the Dungeon.
             The game lasted 00:01:58 (1942 turns).

HungrySpirit the Caller (Demigod Summoner)          Turns: 1942, Time: 00:02:01

Health: -5/30      AC:  2    Str: 13    XL:     3   Next: 27%
Magic:  1/8        EV: 12    Int: 17    God:
Gold:   105        SH:  0    Dex: 14    Spells: 2/5 levels left

rFire    . . .     SeeInvis .   e - +0 short sword
rCold    . . .     Faith    .   (no shield)
rNeg     . . .     Spirit   .   a - +0 robe
rPois    .         Reflect  .   (no helmet)
rElec    .         Harm     .   (no cloak)
rCorr    .         Rampage  .   (no gloves)
Will     .....                  (no boots)
Stlth    ++........             (no amulet)
HPRegen  0.10/turn              (no ring)
MPRegen  0.11/turn              (no ring)

@: no status effects
A: high mp 1, forlorn
a: no special abilities


You were on level 2 of the Dungeon.
You visited 1 branch of the dungeon, and saw 2 of its levels.

You collected 105 gold pieces.

Inventory:

Hand Weapons
 e - a +0 short sword (weapon)
Armour
 a - a +0 robe (worn)
 c - a +0 buckler
Scrolls
 b - 3 scrolls of identify {unknown}
 f - a scroll of noise {unknown}
Potions
 d - a potion of curing {unknown}
 g - 2 potions of degeneration {unknown}


   Skills:
 * Level 2.9 Fighting
 - Level 1.7 Dodging
 - Level 1.7 Stealth
 - Level 1.7 Spellcasting
 - Level 3.6 Summonings


You had 2 spell levels left.
You knew the following spells:

 Your Spells              Type           Power      Damage    Failure   Level
a - Summon Small Mammal   Summ           52%        N/A       4%          1
b - Call Imp              Summ           13%        N/A       7%          2

Your spell library contained the following spells:

 Spells                   Type           Power      Damage    Failure   Level
 Call Canine Familiar     Summ           13%        N/A       14%         3
 Summon Guardian Golem    Hex/Summ       7%         N/A       28%         3
 Summon Lightning Spire   Summ/Air       7%         N/A       67%         4


Dungeon Overview and Level Annotations

Branches:
Dungeon (2/15)

Annotations:
D:2 Natasha


Innate Abilities, Weirdness & Mutations

Your attributes grow dramatically as you level up.
You have an increased reservoir of magic. (+10% MP)
You shall have no god before yourself.


Message History

Natasha claws your crimson imp.
Your crimson imp closely misses the white imp.
Your crimson imp blinks!
What are your orders? t - Shout!
Orders for allies: a - Attack new target. r - Retreat! s - Stop attacking. g - Guard the area. f - Follow me.
Anything else - Cancel.
Gang up on whom?
Press: ? - help, Dir - move target, f - Natasha
Aim: Natasha (moderately wounded, ally target) Attack!
Your crimson imp hits Natasha but does no damage.
You closely miss Natasha.
Natasha is moderately wounded.
The white imp grinds its teeth.
Natasha mumbles some strange words.
Your crimson imp closely misses Natasha.
You hit Natasha but do no damage.
Natasha is moderately wounded.
The white imp shouts, "Slither away, thou feckless clapper-clawed urchin!"
Natasha closely misses you.
Your crimson imp hits Natasha.
The shadow imp gestures at you. Pain shoots through your body!
* * * LOW HITPOINT WARNING * * *
You swap places.
Natasha completely misses your crimson imp.
Your crimson imp hits Natasha but does no damage.
The shadow imp hits your crimson imp.
Your crimson imp blinks!
Your magical contamination has completely faded away.
Unknown command.
You barely miss Natasha.
Natasha is heavily wounded.
Natasha barely misses you.
Your crimson imp barely misses Natasha.
The shadow imp hits your crimson imp. The white imp gestures at you.
The puff of frost hits you!
You die...

......##...##.#
.#######.#.##.##.. ...#.#.#.#
...........##.##.# ......#.# ..
########.#.#..##.### .#.#.#.###..
#.#.#..##... ...........
#.#.#..##..## .......)..
#...........#####.........
########......##...#.....†.......
...........#..##@5.#####....#.#.#
.######.........5h.5.5...........
...............5.#.######........
.###.##..###..####.# #.####### .#
#.....###..## #.# #.#
.###.#.........# #.######.#
...............# #.##.....#
######...###...###.##.###.# #...#
#...#.#.##.# #.#


You could see Natasha (ally target), a white imp (summoned), a shadow imp
(summoned) and 3 friendly crimson imps.

Vanquished Creatures
  3 dart slugs (D:1)
  A ball python (D:2)
  3 giant cockroaches (D:1)
  3 goblins
  2 hobgoblins (D:1)
  A kobold (D:1)
  2 bats
  A frilled lizard (D:2)
  5 rats (D:1)
21 creatures vanquished.

Vanquished Creatures (collateral kills)
  Natasha (D:2)
  2 endoplasms (D:2)
  2 hobgoblins (D:2)
  A goblin (D:2)
  2 kobolds (D:1)
8 creatures vanquished.

Grand Total: 29 creatures vanquished

Notes
Turn   | Place    | Note
-------+----------+-------------------------------------------
     0 | D:1      | HungrySpirit the Demigod Summoner began the quest for the
                  | Orb.
     0 | D:1      | Reached XP level 1. HP: 14/14 MP: 5/5
   128 | D:1      | Reached skill level 1 in Fighting
   766 | D:1      | Reached XP level 2. HP: 12/23 MP: 7/7
  1003 | D:1      | Learned a level 2 spell: Call Imp
  1825 | D:2      | Noticed Natasha
  1833 | D:2      | Killed Natasha
  1834 | D:2      | Reached XP level 3. HP: 7/30 MP: 1/8
  1925 | D:2      | Noticed Natasha
  1942 | D:2      | Killed from afar by a white imp

Illustrated notes

Levels and vault maps discovered:
D:1:      roderic_chinese_lattice_arrival, layout_loops_ring,
          shapermc_ecumenical_altar_notcrosses
D:2:      layout_basic, uniq_natasha

Skill      XL: |  1  2 |
---------------+-------+-----
Fighting       | 1 2 |  2.9
Dodging        | |  1.7
Stealth        | |  1.7
Spellcasting   | |  1.7
Summonings     | |  3.6

Action                   || total
-------------------------++-------
Melee: Short sword       ||   101
       Spear             ||     5
 Cast: Summon Small Mamm ||    11
       Call Imp          ||    10
 Stab: Sleeping          ||     3
Armor: Robe              ||    16
Dodge: Dodged            ||    75
